 Dungeon Crawl Stone Soup version 0.31-a0-702-gf82c85558f (webtiles) character file.

Game seed: 2986474623441229829

211 qw the Shooter (level 5, -2/33 HPs)
             Began as a Gargoyle Hunter on Sept 7, 2023.
             Slain by Edmund
             ... wielding a +4 heavy flail
              (7 damage)
             ... on level 4 of the Dungeon.
             The game lasted 00:00:57 (1567 turns).

qw the Shooter (Gargoyle Hunter)                    Turns: 1567, Time: 00:00:58

Health: -2/33      AC: 12    Str: 14 (15) XL:     5   Next: 88%
Magic:  5/5        EV: 10    Int:  8 (9)  God:
Gold:   143        SH:  0    Dex: 15      Spells: 4/4 levels left

rFire   . . .        Y - +0 hand cannon
rCold   . . .        (no shield)
rNeg    + . .        b - +0 ring mail
rPois   inf          (no helmet)
rElec   +            h - +2 cloak
rCorr   .            (no gloves)
SInv    .            (no boots)
Will    .....        c - amulet of regeneration
Stlth   +            (no ring)
HPRegen 1.05/turn    (no ring)
MPRegen 0.09/turn

%: no passive effects
@: about to teleport
A: sickness immunity, AC +4, negative energy resistance 1, electricity
resistance, torment resistance 1, petrification resistance
a: no special abilities


You were on level 4 of the Dungeon.
You visited 1 branch of the dungeon, and saw 4 of its levels.

You collected 143 gold pieces.


Innate Abilities, Weirdness & Mutations

You are immune to sickness and miasma.
Your stone body is resilient. (AC +4)
You are immune to poison.
You resist negative energy. (rN+)
You are resistant to electric shocks. (rElec)
You are resistant to unholy torment.
You are immune to petrification.


   Skills:
 - Level 4.0 Fighting
 + Level 6.0 Ranged Weapons
 - Level 1.0 Armour
 - Level 1.5 Dodging
 - Level 1.1 Stealth


You had 4 spell levels left.
You didn't know any spells.
Your spell library was empty.

Inventory:

Hand Weapons
 Y - a +0 hand cannon (weapon)
Armour
 b - a +0 ring mail (worn)
 h - a +2 cloak (worn)
Jewellery
 c - an amulet of regeneration (around neck)
 g - a ring of see invisible
Scrolls
 a - a scroll of teleportation
 d - a scroll of identify
 j - a scroll of immolation {unknown}
Potions
 e - 2 potions of enlightenment
 f - a potion of might
 i - a potion of attraction {unknown}
 k - a potion of heal wounds {unknown}

Dungeon Overview and Level Annotations

Branches:
Dungeon (4/15)
 Temple: D:4-7

Altars:

Annotations:
D:4 Edmund


Message History

Found a scroll labelled KIFINL KIOG.
Edmund shouts!
You shoot a bolt. The bolt barely misses Edmund.
A hobgoblin comes into view.
You shoot a bolt. The bolt barely misses Edmund.
You shoot a bolt.
The bolt hits Edmund but does no damage.
You shoot a bolt.
The bolt hits Edmund but does no damage.
Edmund hits you with a +4 heavy flail.
You shoot a bolt. The bolt barely misses Edmund.
Edmund hits you with a +4 heavy flail!
You shoot a bolt.
The bolt hits Edmund but does no damage.
Edmund hits you with a +4 heavy flail.
The hobgoblin hits you but does no damage.
The hobgoblin hits you. Edmund hits you with a +4 heavy flail!
1562 ||| READING 3 scrolls of teleportation.
As you read the scroll of teleportation, it crumbles to dust.
You feel strangely unstable.
The hobgoblin hits you but does no damage.
You shoot a bolt. The bolt hits Edmund.
Edmund is lightly wounded.
Edmund misses you. The hobgoblin closely misses you.
The hobgoblin hits you but does no damage.
You shoot a bolt. The bolt barely misses Edmund.
Your surroundings seem slightly different.
You shoot a bolt. The bolt hits Edmund.
Edmund is lightly wounded.
Edmund hits you but does no damage.
You shoot a bolt. The bolt barely misses Edmund.
Edmund hits you with a +4 heavy flail! The hobgoblin barely misses you.
The hobgoblin hits you but does no damage.
1567 ||| READING 2 scrolls of teleportation.
As you read the scroll of teleportation, it crumbles to dust.
You feel strangely unstable.
Edmund asks, "Have you met my wondrous brother?"
Edmund hits you with a +4 heavy flail!
You die...
Edmund says, "That'll show my brother!"

#..# #..## #...####
###......## #.#
###.......... #..#
#...:........ #..#
#............ ..#
#..¤¤@....... #.#
#..¤g@.......
###.########..¤¤¤.......
#...........#..?.....?..
.......######...........
.....### ##..........
....## #.......... ...##
##......... ...# ....>..


You could see Edmund and a hobgoblin.

Vanquished Creatures
  A phantom (D:4)
  A hound (D:4)
  4 adders
  2 worms (D:2)
  2 dart slugs
  An orc (D:3)
  3 ball pythons
  5 bats
  2 endoplasms
  6 giant cockroaches
  6 goblins
  8 hobgoblins
  3 jackals (D:1)
  4 quokkas
  2 frilled lizards
  3 kobolds
  4 rats
57 creatures vanquished.

Notes
Turn   | Place    | Note
-------+----------+-------------------------------------------
     0 | D:1      | qw the Gargoyle Hunter began the quest for the Orb.
     0 | D:1      | Reached XP level 1. HP: 12/12 MP: 1/1
     0 | D:1      | 0 ||| qw: Version: 0.3-a-76-g4403597
     0 | D:1      | 0 ||| qw: Game counter: 803
     0 | D:1      | 0 ||| qw: Melee chars always use a shield: true
     0 | D:1      | 0 ||| qw: God list: Okawaru
     0 | D:1      | 0 ||| qw: Allow faded altars: false
     0 | D:1      | 0 ||| qw: Do Orc after clearing Dungeon:15 true
     0 | D:1      | 0 ||| qw: Do second Lair branch before Depths: true
     0 | D:1      | 0 ||| qw: Lair rune preference: random
     0 | D:1      | 0 ||| qw: Goals: Normal
     0 | D:1      | 0 ||| PLANNING D:1-11
    62 | D:1      | Reached XP level 2. HP: 17/17 MP: 2/2
    89 | D:1      | You fall into a shaft and drop 1 floor!
   101 | D:2      | HP: 1/17 [worm (6)]
   206 | D:2      | 206 ||| READING 2 scrolls labelled LONEYSHIGEW.
   213 | D:2      | 213 ||| READING scroll labelled FOTHO QAOLAAP.
   214 | D:2      | 214 ||| DROPPING scroll of butterflies.
   216 | D:2      | 216 ||| FLEEEEING.
   218 | D:2      | 218 ||| FLEEEEING.
   228 | D:2      | 228 ||| STAIRDANCE
   260 | D:1      | Reached XP level 3. HP: 21/21 MP: 3/3
   312 | D:1      | Reached skill level 5 in Ranged Weapons
   585 | D:1      | 585 ||| UPGRADING to +0 ring mail.
   595 | D:1      | 595 ||| DROPPING +0 leather armour.
   596 | D:1      | 596 ||| READING 3 scrolls labelled QYPPERCH NOYG.
   597 | D:1      | 597 ||| READING scroll labelled YWESSEB ROSEM.
   598 | D:1      | 598 ||| DRINKING 2 golden potions.
   599 | D:1      | 599 ||| READING 2 scrolls of identify.
   599 | D:1      | 599 ||| IDENTIFYING glowing white potion
   600 | D:1      | 600 ||| DROPPING potion of degeneration.
   633 | D:2      | 633 ||| STAIRDANCE
   742 | D:2      | Reached skill level 1 in Armour
   866 | D:2      | Reached skill level 3 in Fighting
   866 | D:2      | Reached XP level 4. HP: 28/28 MP: 4/4
  1038 | D:2      | 1038 ||| UPGRADING to amulet of regeneration.
  1043 | D:2      | 1043 ||| READING scroll labelled NINOWN FAJI.
  1094 | D:3      | 1094 ||| SWAPPING to +0 hand cannon.
  1095 | D:3      | 1095 ||| DROPPING +0 shortbow.
  1101 | D:3      | 1101 ||| Stepping ~*~*~tactically~*~*~ (outnumbered).
  1375 | D:3      | 1375 ||| UPGRADING to +2 cloak.
  1380 | D:3      | 1380 ||| READING scroll labelled VIPPEKK OTUAR.
  1381 | D:3      | 1381 ||| READING 2 scrolls of identify.
  1381 | D:3      | 1381 ||| IDENTIFYING clear potion
  1421 | D:4      | Noticed a phantom
  1427 | D:4      | Killed a phantom
  1428 | D:4      | Reached skill level 6 in Ranged Weapons
  1428 | D:4      | Reached XP level 5. HP: 27/32 MP: 5/5
  1555 | D:4      | Noticed Edmund
  1561 | D:4      | HP: 5/33 [Edmund/+4 heavy flail (10)]
  1562 | D:4      | 1562 ||| READING 3 scrolls of teleportation.
  1566 | D:4      | HP: 4/33 [Edmund/+4 heavy flail (10)]
  1567 | D:4      | 1567 ||| READING 2 scrolls of teleportation.
  1567 | D:4      | Slain by Edmund

Levels and vault maps discovered:
D:1:      matt_arrival_refuge, layout_rooms
D:2:      layout_rooms
D:3:      layout_rooms
D:4:      layout_cave_pods, uniq_edmund

Skill      XL: |  1  2  3  4  5 |
---------------+----------------+-----
Ranged Weapons | 5 6 |  6.0
Armour         | 1 |  1.0
Fighting       | 3 4 |  4.0
Dodging        | |  1.5
Stealth        | |  1.1

Action                     |  1- 3 |  4- 6 || total
---------------------------+-------+-------++-------
   Fire: Shortbow          |   160 |    14 ||   174
         Hand cannon       |       |    49 ||    49
    Use: Scroll            |     5 |     5 ||    10
         Potion            |     1 |       ||     1
 Armour: Leather armour    |    21 |       ||    21
         Ring mail         |    22 |    38 ||    60
  Dodge: Dodged            |    45 |    15 ||    60

Table legend:
 A = Non-vault XP
 B = Vault XP
 C = Vault XP percentage of total XP
 D = Non-vault monster count
 E = Vault monster count
 F = Vault count percentage of total count
                 A         B        C        D         E       F
            +---------+---------+-------+---------+---------+-------
      Total |     302 |       0 |   0.0 |      57 |       0 |   0.0
            +---------+---------+-------+---------+---------+-------
        D:1 |      50 |       0 |   0.0 |      26 |       0 |   0.0
        D:2 |      53 |       0 |   0.0 |      14 |       0 |   0.0
        D:3 |      19 |       0 |   0.0 |      11 |       0 |   0.0
        D:4 |     180 |       0 |   0.0 |       6 |       0 |   0.0
            +---------+---------+-------+---------+---------+-------
